 Dungeon Crawl Stone Soup version 0.25-a0-458-g6fc7858b95 (webtiles) character file.

Game seed: 2297814760216910031, levelgen mode: deterministic

233 ReteAZ the Changer (level 5, -7/41 HPs)
             Began as a Draconian Transmuter on Feb 2, 2020.
             Mangled by an iguana (11 damage)
             ... on level 4 of the Dungeon.
             The game lasted 00:07:18 (3786 turns).

ReteAZ the Changer (Draconian Transmuter)           Turns: 3786, Time: 00:07:19

Health: -7/41      AC:  5    Str: 12      XL:     5   Next: 75%
Magic:  9/9        EV: 12    Int: 12 (14) God:
Gold:   139        SH:  0    Dex: 11 (12) Spells: 7/10 levels left

rFire    . . .     SeeInvis .     - Unarmed
rCold    . . .     Gourm    .   (no shield)
rNeg     . . .     Faith    .   (armour unavailable)
rPois    .         Spirit   .   (helmet restricted)
rElec    .         Reflect  .   (no cloak)
rCorr    .         Harm     .   (no gloves)
MR       .....                  (no boots)
Stlth    +.........             (no amulet)
HPRegen  0.13/turn              (no ring)
MPRegen  0.11/turn              (no ring)

@: no status effects
A: unfitting armour, cold-blooded, AC +5
a: no special abilities


You were on level 4 of the Dungeon.
You were not hungry.

You visited 1 branch of the dungeon, and saw 4 of its levels.

You collected 139 gold pieces.

Inventory:

Missiles
 a - 51 arrows
 b - 7 boomerangs (quivered)
Armour
 k - a +0 shield
Magical Staves
 m - an uncursed staff of poison
Scrolls
 d - 5 scrolls of identify {unknown}
 e - 2 scrolls of remove curse {unknown}
 f - 2 scrolls of teleportation {unknown}
 h - a scroll of enchant armour {unknown}
 o - a scroll of immolation {unknown}
Potions
 g - a potion of degeneration
Comestibles
 c - 6 rations
 j - a chunk of flesh


   Skills:
 - Level 2.0 Fighting
 - Level 2.0 Dodging
 + Level 4.0 Unarmed Combat
 + Level 3.1 Spellcasting
 * Level 4.2 Transmutations


You had 7 spell levels left.
You knew the following spells:

 Your Spells              Type           Power        Failure   Level  Hunger
a - Beastly Appendage     Tmut           ##....       4%          1    #......
b - Sticks to Snakes      Tmut           ##......     6%          2    ###....

Your spell library contained the following spells:

 Spells                   Type           Power        Failure   Level  Hunger
 Spider Form              Tmut/Pois      #.........   30%         3    ###....
 Ice Form                 Ice/Tmut       #.......     69%         4    #####..
 Blade Hands              Tmut           ##........   75%         5    ######.


Dungeon Overview and Level Annotations

Branches:
Dungeon (4/15)
 Temple: D:4-7

Altars:
Hepliaklqana
Xom


Innate Abilities, Weirdness & Mutations

Your plain brown scales are hard. (AC +5)
You cannot fit into any form of body armour.
You are cold-blooded and may be slowed by cold attacks.


Message History

Your magical effects are unravelling.
You feel magically purged.
You feel yourself slow down.
You closely miss the iguana. You tail-slap the iguana.
The iguana is severely wounded.
The iguana bites you!
You barely miss the iguana.
The iguana is severely wounded.
The iguana bites you!
You hit the iguana but do no damage.
You tail-slap the iguana, but do no damage.
The iguana is severely wounded.
The iguana bites you!
* * * LOW HITPOINT WARNING * * *
You hit the iguana but do no damage.
The iguana is severely wounded.
The iguana closely misses you. The iguana closely misses you.
The iguana bites you!
You die...

#........ #........
#$..8.8.. ######
#....<... #....#
#...8.8..
#....#######$.......
#...............(...
#...l###############
#....@..####
#######....##
####.)# ##.# ###.###
#.....###.
##..........
#...........
#.#.........


You could see an iguana.

Vanquished Creatures
  A bullfrog skeleton (D:3)
  2 worker ants
  Robin (D:2)
  6 adders
  An adder skeleton (D:4)
  2 worms
  A dart slug (D:2)
  A leopard gecko (D:2)
  A ball python (D:4)
  7 bats
  3 giant cockroaches
  12 goblins
  7 hobgoblins
  A quokka (D:3)
  5 frilled lizards
  4 kobolds (D:2)
  A leopard gecko skeleton (D:4)
  10 rats (D:2)
66 creatures vanquished.

Vanquished Creatures (collateral kills)
  Jessica (D:3)
1 creature vanquished.

Grand Total: 67 creatures vanquished

Notes
Turn   | Place    | Note
-------+----------+-------------------------------------------
     0 | D:1      | ReteAZ the Draconian Transmuter began the quest for the
                  | Orb.
     0 | D:1      | Reached XP level 1. HP: 16/16 MP: 3/3
   526 | D:2      | Found a hazy altar of Hepliaklqana.
   527 | D:2      | Found a shimmering altar of Xom.
   527 | D:2      | Noticed a wyvern
   528 | D:2      | Noticed a spectral ugly thing
   528 | D:2      | Noticed a wyvern
   553 | D:2      | Noticed a worker ant
   563 | D:2      | Killed a worker ant
   563 | D:2      | Reached XP level 2. HP: 11/23 MP: 3/5
   563 | D:2      | Reached XP level 3. HP: 14/28 MP: 3/6
  1293 | D:2      | Learned a level 2 spell: Sticks to Snakes
  1362 | D:2      | Reached XP level 4. HP: 36/36 MP: 3/7
  1930 | D:2      | Noticed Robin
  1953 | D:2      | Killed Robin
  2686 | D:3      | Reached XP level 5. HP: 21/41 MP: 7/9
  2855 | D:3      | Noticed Jessica
  2872 | D:3      | Killed Jessica
  3786 | D:4      | Mangled by an iguana

Levels and vault maps discovered:
D:1:      dpeg_arrival_tiny_k, layout_loops_ring
D:2:      layout_basic, regret_index_temple_of_mockery, minmay_distorted,
          uniq_robin
D:3:      layout_rooms, uniq_jessica
D:4:      layout_rooms, lemuel_round_altar, nicolae_overflow_quartered_altars,
          first_ration, kennysheep_nub, st_stairs_14, minmay_manual_mess

Skill      XL: |  1  2  3  4  5 |
---------------+----------------+-----
Dodging        | 2 |  2.0
Fighting       | 2 |  2.0
Transmutations | 3 4 |  4.2
Spellcasting   | 3 |  3.1
Unarmed Combat | 4 |  4.0

Action                   |  1- 3 |  4- 6 || total
-------------------------+-------+-------++-------
Melee: Unarmed           |    91 |   180 ||   271
       Tailslap          |     9 |    20 ||    29
       Headbutt          |     1 |     6 ||     7
       Kick              |     3 |    13 ||    16
       Punch             |     1 |     1 ||     2
Throw: Boomerang         |     4 |       ||     4
 Cast: Beastly Appendage |     6 |    14 ||    20
       Sticks to Snakes  |     2 |     3 ||     5
  Use: Potion            |       |     6 ||     6
  Eat: Chunk             |     2 |     8 ||    10
Armor: Skin              |    39 |    40 ||    79
Dodge: Dodged            |    66 |   110 ||   176
Block: Shield            |       |     5 ||     5

Table legend:
 A = Non-vault XP
 B = Vault XP
 C = Vault XP percentage of total XP
 D = Non-vault monster count
 E = Vault monster count
 F = Vault count percentage of total count
                 A         B        C        D         E       F
            +---------+---------+-------+---------+---------+-------
      Total |     244 |      90 |  26.9 |      50 |      17 |  25.4
            +---------+---------+-------+---------+---------+-------
        D:1 |       7 |       0 |   0.0 |       4 |       0 |   0.0
        D:2 |     107 |      58 |  35.2 |      34 |      16 |  32.0
        D:3 |      74 |      32 |  30.2 |       7 |       1 |  12.5
        D:4 |      56 |       0 |   0.0 |       5 |       0 |   0.0
            +---------+---------+-------+---------+---------+-------
